 Dungeon Crawl Stone Soup version 0.20-a0-1122-gb7cbeb9 (webtiles) character file.

50355 Deathtrap2010 the Peltast (level 14, -8/125 HPs)
             Began as a Minotaur Fighter on May 14, 2017.
             Was a High Priest of Nemelex Xobeh.
             Mangled by a death yak simulacrum (32 damage)
             ... in an ice cave.
             The game lasted 01:11:02 (13647 turns).

Deathtrap2010 the Peltast (Minotaur Fighter)       Turns: 13647, Time: 01:11:07

Health: -8/125     AC: 29    Str: 30    XL:     14   Next: 19%
Magic:  13/13      EV: 10    Int:  5    God:    Nemelex Xobeh [*****.]
Gold:   519        SH: 29    Dex: 10    Spells: 13/13 levels left

rFire    . . .     SeeInvis .   a - +1 war axe (elec)
rCold    . . .     Gourm    .   e - +1 large shield
rNeg     . . .     Faith    .   h - +0 plate armour
rPois    +         Spirit   .   (helmet restricted)
rElec    +         Reflect  +   f - +0 cloak
rCorr    .         Harm     .   b - +0 pair of gloves
MR       +....                  j - +0 pair of boots
Stlth    ..........             g - +6 amulet of reflection
Regen    0.3/turn               z - ring "Afusev" {*Contam rElec AC+4 Str+4}
MPRegen  0.2/turn               q - ring of poison resistance

@: no status effects
A: retaliatory headbutt, claws 1, horns 2, icy blue scales 1, slimy green scales
1, thin metallic scales 1, screaming 1
a: Triple Draw, Deal Four, Stack Five, Renounce Religion


You were in an ice cave.
You worshipped Nemelex Xobeh.
Nemelex Xobeh was extremely pleased with you.
You were not hungry.

You visited 3 branches of the dungeon, and saw 16 of its levels.
You also visited: Ice Cave.

You collected 1385 gold pieces.
You spent 866 gold pieces at shops.

Inventory:

Hand Weapons
 a - a +1 war axe of electrocution (weapon)
Armour
 b - a +0 pair of gloves (worn)
 e - a +1 large shield (worn)
 f - a +0 cloak (worn)
 h - a +0 plate armour (worn)
 j - a +0 pair of boots (worn)
Jewellery
 g - a +6 amulet of reflection (around neck)
 q - a ring of poison resistance (right hand)
 z - the ring "Afusev" (left hand) {*Contam rElec AC+4 Str+4}
   (You bought it in a shop on level 8 of the Dungeon)

   [ring of protection]

   It affects your AC (+4).
   It affects your strength (+4).
   It insulates you from electricity.
   It causes magical contamination when unequipped.
Wands
 y - a wand of confusion (28/48)
 C - a wand of flame (34/48)
Scrolls
 c - 7 scrolls of identify
 i - 7 scrolls of remove curse
 k - 8 scrolls of amnesia
 l - 2 scrolls of immolation
 n - 5 scrolls of fog
 r - a scroll of fear
 t - 2 scrolls of recharging
 x - 3 scrolls of teleportation
Potions
 m - a potion of berserk rage
 o - a potion of curing
 p - a potion of cancellation
Miscellaneous
 d - a plain deck of destruction
 D - a legendary deck of escape {drawn: 1}
Comestibles
 u - 3 royal jellies
 A - 2 bread rations
 B - 22 fruits


   Skills:
 * Level 11.9 Fighting
 * Level 15.6 Axes
 * Level 11.3 Armour
 * Level 9.4 Dodging
 * Level 16.4 Shields
 - Level 0.2 Invocations


You had 13 spell levels left.
You didn't know any spells.

Dungeon Overview and Level Annotations

Branches:
Dungeon (12/15)            Temple (0/1) D:7            Lair (0/6) D:10
    Orc (2/2) D:12            Elf (2/3) Orc:2

Altars:
Elyvilon
Fedhas
Makhleb
Nemelex Xobeh
Okawaru
Ru
Trog
Vehumet
Wu Jian
Yredelemnul
Beogh

Shops:
D:8 =   D:9 *   Orc:2 !!*}


Innate Abilities, Weirdness & Mutations

You reflexively headbutt those who attack you in melee.
You have a pair of horns on your head.
You have sharp fingernails.
You are partially covered in icy blue scales. (AC +2)
You are partially covered in slimy green scales. (AC +2)
You are partially covered in thin metallic scales. (AC +2)
You occasionally shout uncontrollably at your foes.


Message History

You block the iron troll simulacrum's attack. x3
You hit the iron troll simulacrum but do no damage.
You headbutt the iron troll simulacrum, but do no damage.
The iron troll simulacrum is moderately damaged.
You hit the death yak simulacrum.
You are engulfed in freezing vapours.
You block the death yak simulacrum's attack.
You slash the iron troll simulacrum!
Lightning courses through the iron troll simulacrum!
The iron troll simulacrum is almost destroyed.
You hit the death yak simulacrum but do no damage.
You are engulfed in freezing vapours.
You hit the iron troll simulacrum but do no damage.
The iron troll simulacrum is almost destroyed.
You hit the death yak simulacrum but do no damage.
Lightning courses through the death yak simulacrum!
You are engulfed in freezing vapours.
The death yak simulacrum gores you!
* * * LOW HITPOINT WARNING * * *
The death yak simulacrum freezes you!!
You die...
Your body glows slightly and disappears.

### #######..# ####
##.#....∩.# ##§§§###
###.....∩..#
#.§§§§#§###........###
#§§§#§#§§###.####
#Z@§§§## ### ##Z§§##
##§## ###


You could see a death yak simulacrum and an iron troll simulacrum.

Vanquished Creatures
  Agnes (Elf:2)
  An orc warlord (Orc:2)
  A deep elf demonologist (Elf:1)
  A deep elf death mage (Elf:1)
  A hydra (D:11)
  6 two-headed ogres
  8 dancing weapons
  5 orc high priests (Orc:2)
  2 deep elf knights (Elf:1)
  An unseen horror (D:11)
  A deep troll (Orc:2)
  6 orc knights
  2 deep elf archers (Elf:1)
  20 deep elf magi (Elf:1)
  An ugly thing (D:12)
  4 orc sorcerers
  A shining eye (Orc:2)
  Psyche (D:8)
  An anaconda simulacrum (IceCv)
  A freezing wraith (IceCv)
  A komodo dragon (D:10)
  A yaktaur (Orc:2)
  4 trolls
  A jumping spider (Orc:2)
  Prince Ribbit (D:7)
  A hippogriff (D:9)
  2 wyverns
  An air elemental (Elf:1)
  13 yaks
  2 basilisks (D:10)
  6 wargs
  Edmund (D:4)
  2 acid dragons
  A soldier ant (D:9)
  2 water moccasins
  An ice beast (D:8)
  46 orc warriors
  A swamp drake (Orc:2)
  A sky beast (D:8)
  A phantom (D:11)
  A necrophage (D:9)
  6 ogres
  3 black bears
  4 centaurs
  A crocodile (D:10)
  2 big kobolds
  An earth elemental (Elf:1)
  7 bullfrogs
  2 gnoll sergeants
  A wyvern zombie (D:10)
  3 scorpions
  8 killer bees
  4 wights (D:9)
  4 howler monkeys
  2 crimson imps
  A draconian simulacrum (IceCv)
  2 quasits
  A centaur skeleton (D:4)
  3 jellies
  17 orc wizards
  26 orc priests
  2 hounds
  3 bullfrog skeletons
  Jessica (D:2)
  4 iguanas
  Natasha (D:3)
  11 worker ants
  A hound skeleton (D:7)
  A worker ant zombie (D:9)
  15 gnolls
  17 adders
  2 shadow imps
  3 white imps (IceCv)
  An ufetubus (IceCv)
  An ooze (D:2)
  An adder skeleton (D:7)
  5 dart slugs
  8 leopard geckos
  93 orcs
  6 giant cockroaches
  6 goblins
  9 hobgoblins
  2 quokkas (D:3)
  4 bats
  6 frilled lizards
  11 kobolds
  A leopard gecko zombie (D:5)
  6 rats
  3 bushes (D:7)
477 creatures vanquished.

Vanquished Creatures (others)
  A deep elf mage (Elf:1)
  An orc warrior (Orc:2)
  3 centaurs
  2 orc wizards
  An orc priest (Orc:1)
  An adder (D:3)
  2 ufetubi (IceCv)
  2 ball lightnings (Orc:1)
  14 orcs
  A kobold (D:11)
28 creatures vanquished.

Grand Total: 505 creatures vanquished

Notes
Turn   | Place    | Note
-------+----------+-------------------------------------------
     0 | D:1      | Deathtrap2010 the Minotaur Fighter began the quest for the Orb.
     0 | D:1      | Reached XP level 1. HP: 19/19 MP: 0/0
   143 | D:1      | Reached XP level 2. HP: 10/27 MP: 1/1
   146 | D:1      | Reached skill level 4 in Shields
   422 | D:1      | Reached XP level 3. HP: 33/33 MP: 2/2
   682 | D:2      | Reached skill level 1 in Dodging
   819 | D:2      | Reached XP level 4. HP: 40/40 MP: 3/3
   833 | D:2      | Noticed Jessica
   834 | D:2      | Found a basalt altar of Yredelemnul.
   847 | D:2      | Killed Jessica
   960 | D:2      | Found a white marble altar of Elyvilon.
   970 | D:2      | Found an iron altar of Okawaru.
  1374 | D:2      | Found an ornate altar of the Wu Jian Council.
  1464 | D:3      | Reached XP level 5. HP: 43/46 MP: 4/4
  1580 | D:3      | Found a faded altar of an unknown god.
  1735 | D:3      | Reached skill level 5 in Shields
  1931 | D:3      | Noticed Natasha
  1938 | D:3      | Killed Natasha
  1942 | D:3      | Found a blossoming altar of Fedhas.
  2250 | D:4      | Reached XP level 6. HP: 42/52 MP: 5/5
  2347 | D:4      | Reached skill level 5 in Axes
  2390 | D:4      | Gained mutation: You have a pair of large horns on your head. [potion of mutation]
  2390 | D:4      | Gained mutation: You occasionally shout uncontrollably at your foes. [potion of mutation]
  2390 | D:4      | Gained mutation: You are partially covered in molten scales. (AC +2) [potion of mutation]
  2390 | D:4      | Gained mutation: You are partially covered in slimy green scales. (AC +2) [potion of mutation]
  2424 | D:4      | Noticed Edmund
  2442 | D:4      | Killed Edmund
  2442 | D:4      | Reached skill level 5 in Armour
  2442 | D:4      | Reached skill level 6 in Shields
  2442 | D:4      | Reached XP level 7. HP: 60/60 MP: 6/6
  2560 | D:4      | Found a radiant altar of Vehumet.
  2735 | D:5      | Entered Level 5 of the Dungeon
  2758 | D:5      | Found a sacrificial altar of Ru.
  2838 | D:5      | Reached skill level 5 in Fighting
  2985 | D:5      | Found a sparkling altar of Nemelex Xobeh.
  3006 | D:5      | Became a worshipper of Nemelex Xobeh the Trickster
  3040 | D:5      | Reached skill level 7 in Shields
  3148 | D:5      | Received a gift from Nemelex Xobeh
  3620 | D:6      | Got a brightly glowing scale mail
  3621 | D:6      | Identified the +4 scale mail of Depression {rC+} (You found it on level 6 of the Dungeon)
  3747 | D:6      | Reached XP level 8. HP: 68/68 MP: 7/7
  4109 | D:6      | Reached * piety under Nemelex Xobeh
  4361 | D:7      | Found a bloodstained altar of Trog.
  4373 | D:7      | Reached skill level 8 in Shields
  4512 | D:7      | Noticed Prince Ribbit
  4522 | D:7      | Killed Prince Ribbit
  4690 | D:7      | Found a staircase to the Ecumenical Temple.
  5173 | D:7      | Found a burning altar of Makhleb.
  5207 | D:7      | Reached skill level 9 in Shields
  5207 | D:7      | Reached XP level 9. HP: 75/75 MP: 8/8
  5513 | D:8      | Noticed Psyche
  5519 | D:8      | Killed Psyche
  5540 | D:8      | Found Gurhohorph's Jewellery Shop.
  5823 | D:8      | Reached ** piety under Nemelex Xobeh
  6342 | D:9      | Lost mutation: You occasionally shout uncontrollably at your foes. [potion of mutation]
  6342 | D:9      | Lost mutation: You are partially covered in molten scales. (AC +2) [potion of mutation]
  6342 | D:9      | Lost mutation: You have a pair of large horns on your head. [potion of mutation]
  6342 | D:9      | Gained mutation: You are partially covered in thin metallic scales. (AC +2) [potion of mutation]
  6342 | D:9      | Gained mutation: You are partially covered in icy blue scales. (AC +2) [potion of mutation]
  6342 | D:9      | Gained mutation: You have sharp fingernails. [potion of mutation]
  6368 | D:9      | Reached skill level 10 in Shields
  6457 | D:9      | Found Yzexupt's General Store.
  6493 | D:9      | Reached skill level 10 in Axes
  6602 | D:9      | Received a gift from Nemelex Xobeh
  6652 | D:9      | Reached XP level 10. HP: 84/84 MP: 9/9
  6834 | D:9      | Reached skill level 5 in Dodging
  6891 | D:9      | Found a roughly hewn altar of Beogh.
  7078 | D:10     | Entered Level 10 of the Dungeon
  7123 | D:10     | Reached *** piety under Nemelex Xobeh
  7133 | D:10     | Reached skill level 11 in Shields
  7192 | D:10     | Received a gift from Nemelex Xobeh
  7385 | D:10     | Found a staircase to the Lair.
  8068 | D:10     | Received a gift from Nemelex Xobeh
  8231 | D:11     | Received a gift from Nemelex Xobeh
  8306 | D:11     | Noticed a gargoyle
  8318 | D:11     | Noticed a five-headed hydra
  8323 | D:11     | Reached **** piety under Nemelex Xobeh
  8327 | D:11     | Noticed a centaur warrior
  8328 | D:11     | Noticed an orc knight
  8329 | D:11     | Noticed a tengu warrior
  8740 | D:11     | Killed an unseen horror
  8740 | D:11     | Reached XP level 11. HP: 74/95 MP: 10/10
  9415 | D:3      | Received a gift from Nemelex Xobeh
  9668 | D:8      | Bought the ring "Afusev" {*Contam rElec AC+4 Str+4} for 686 gold pieces
  9892 | D:11     | Noticed a six-headed hydra
  9911 | D:11     | Killed an 11-headed hydra
 10349 | D:12     | Received a gift from Nemelex Xobeh
 10409 | D:12     | Reached skill level 12 in Shields
 10419 | D:12     | Found a blossoming altar of Fedhas.
 10458 | D:12     | Noticed a red ugly thing
 10469 | D:12     | Killed a red ugly thing
 10633 | D:12     | Noticed a two-headed ogre
 10645 | D:12     | Killed a two-headed ogre
 10669 | D:12     | Found a staircase to the Orcish Mines.
 10718 | Orc:1    | Entered Level 1 of the Orcish Mines
 10731 | Orc:1    | Noticed an orc sorcerer
 10745 | Orc:1    | Killed an orc sorcerer
 10749 | Orc:1    | Received a gift from Nemelex Xobeh
 10868 | Orc:1    | Noticed an orc knight
 10868 | Orc:1    | Noticed an orc sorcerer
 10888 | Orc:1    | Paralysed by an orc sorcerer for 4 turns
 10893 | Orc:1    | Killed an orc sorcerer
 10893 | Orc:1    | Reached skill level 13 in Shields
 10896 | Orc:1    | Killed an orc knight
 10999 | Orc:2    | Entered Level 2 of the Orcish Mines
 11002 | Orc:2    | Noticed a two-headed ogre
 11013 | Orc:2    | Killed a two-headed ogre
 11013 | Orc:2    | Reached XP level 12. HP: 82/104 MP: 11/11
 11026 | Orc:2    | Noticed a two-headed ogre
 11034 | Orc:2    | Killed a two-headed ogre
 11051 | Orc:2    | Noticed a two-headed ogre
 11056 | Orc:2    | a two-headed ogre changed into a shining eye
 11057 | Orc:2    | Gained mutation: You occasionally shout uncontrollably at your foes. [a shining eye]
 11077 | Orc:2    | Noticed a two-headed ogre
 11077 | Orc:2    | Reached ***** piety under Nemelex Xobeh
 11087 | Orc:2    | Killed a two-headed ogre
 11087 | Orc:2    | Reached skill level 10 in Armour
 11156 | Orc:2    | Noticed a two-headed ogre
 11168 | Orc:2    | Killed a two-headed ogre
 11234 | Orc:2    | Received a gift from Nemelex Xobeh
 11296 | Orc:2    | Found a roughly hewn altar of Beogh.
 11311 | Orc:2    | Found Podditra's Gadget Boutique.
 11327 | Orc:2    | Reached skill level 10 in Fighting
 11342 | Orc:2    | Found Zumom's Assorted Antiques.
 11423 | Orc:2    | Noticed a two-headed ogre
 11429 | Orc:2    | Killed a two-headed ogre
 11429 | Orc:2    | Reached skill level 14 in Shields
 11460 | Orc:2    | Paralysed by an orc sorcerer for 7 turns
 11593 | Orc:2    | Noticed an orc high priest
 11598 | Orc:2    | Killed an orc high priest
 11929 | Orc:2    | Found a staircase to the Elven Halls.
 12109 | Orc:2    | Noticed an orc warlord
 12121 | Orc:2    | Killed an orc warlord
 12121 | Orc:2    | Reached XP level 13. HP: 114/114 MP: 12/12
 12145 | Orc:2    | Found a roughly hewn altar of Beogh.
 12256 | Orc:2    | Found Tennuam's Distillery.
 12374 | Orc:2    | Found Hibo's Distillery.
 12389 | Orc:2    | Bought a potion of cancellation for 80 gold pieces
 12389 | Orc:2    | Bought a potion of berserk rage for 50 gold pieces
 12389 | Orc:2    | Bought a potion of heal wounds for 50 gold pieces
 12506 | Elf:1    | Entered Level 1 of the Elven Halls
 12521 | Elf:1    | Reached skill level 15 in Shields
 12734 | Elf:1    | Reached skill level 15 in Axes
 12735 | Elf:1    | Noticed a deep elf death mage
 12741 | Elf:1    | Killed a deep elf death mage
 12745 | Elf:1    | Noticed a deep elf demonologist
 12757 | Elf:1    | Killed a deep elf demonologist
 13014 | Elf:1    | Received a gift from Nemelex Xobeh
 13029 | Elf:1    | Reached skill level 16 in Shields
 13065 | Elf:1    | Identified the Guide on the Escort
 13156 | Elf:1    | Reached XP level 14. HP: 109/125 MP: 13/13
 13539 | Elf:2    | Noticed Agnes
 13552 | Elf:2    | Killed Agnes
 13582 | Elf:2    | Found a frozen archway.
 13590 | Elf:2    | Received a gift from Nemelex Xobeh
 13609 | IceCv    | Entered an ice cave
 13647 | IceCv    | Mangled by a death yak simulacrum

Vault maps used:
D:1:      minmay_arrival_up_and_down
D:2:      marbit_many_paths, grunt_temple_overflow_open,
          yredelemnul_altar_generic, roderic_roman_lattice, uniq_jessica
D:3:      lemuel_coloured_pillars_altar, chequers_ecumenical_altar_island,
          minmay_misc_feat_ornament, uniq_natasha
D:4:      kennysheep_mini_moat, first_bread, uniq_edmund
D:5:      lemuel_crystal_altar, nemelex_altar_shiori, minmay_misc_feat_rows,
          minmay_crystal_water
D:7:      trog_ov_bears_minmay, minmay_temple_entry_nine_rooms, bloody_makhleb,
          uniq_prince_ribbit1
D:8:      serial_shops, kennysheep_mini, uniq_psyche
D:9:      serial_shops, nicolae_shop_behind_doors, special_room
D:10:     erik_lair_dragon, blue_anna_alchemist
D:11:     minmay_cornered_nines, minivault_12
D:12:     orc_0_dummy, nicolae_trove_entry_free_sample, basic_altar
Orc:2:    pubby_orc_utopia
Elf:1:    eino_elf_arrival_customs, minmay_elf_demonology,
          minmay_misc_feat_diagonals
Elf:2:    portal_ice_cave_entry_pillars_four, minivault_23, tgw_sif, uniq_agnes
IceCv:    ice_cave_caverns_02

Skill      XL: |  1  2  3  4  5  6  7  8  9 10 11 12 13 |
---------------+----------------------------------------+-----
Armour         | 4 5 6 7 8 9 10 11 | 11.3
Shields        | 4 5 6 7 9 10 11 13 14 16 | 16.4
Axes           | 3 4 5 6 8 10 11 12 14 15 | 15.6
Fighting       | 4 5 6 8 9 10 11 | 11.9
Dodging        | 1 2 3 4 6 7 8 9 |  9.4
Invocations    | |  0.2

Action                   |  1- 3 |  4- 6 |  7- 9 | 10-12 | 13-15 || total
-------------------------+-------+-------+-------+-------+-------++-------
Melee: War axe           |    52 |   186 |   225 |   500 |   290 ||  1253
       Headbutt          |     7 |    20 |    53 |   120 |    55 ||   255
Evoke: Deck              |       |       |     5 |    10 |       ||    15
  Use: Scroll            |     4 |     4 |    12 |     6 |     2 ||    28
       Potion            |     1 |     5 |     3 |     5 |     6 ||    20
  Eat: Bread ration      |       |     1 |     2 |       |       ||     3
       Royal jelly       |       |     1 |       |       |     2 ||     3
       Meat ration       |       |       |     1 |     3 |     1 ||     5
       Fruit             |       |       |       |     2 |       ||     2
Armor: Leather armour    |    10 |       |       |       |       ||    10
       Scale mail        |    17 |    62 |    77 |    66 |       ||   222
       Plate armour      |       |       |       |    96 |    64 ||   160
Dodge: Dodged            |    25 |    26 |    49 |    79 |    29 ||   208
Block: Shield            |    28 |       |       |       |       ||    28
       Large shield      |    54 |   243 |   263 |   640 |   307 ||  1507
       Reflection        |     1 |     9 |    15 |    16 |    18 ||    59
